IL
BUFFALO BISONS @ SCRANTON WB RAILRIDERS
08/02/2044
 
TOP OF THE 1ST
Buffalo Bisons batting - Pitching for Scranton WB RailRiders : RHP Ricardo Villar
Pitching: RHP Ricardo Villar
Batting: RHB Danny Burnside 0-0: Ball
1-0: Ball
2-0: Ball
3-0: Called Strike
3-1: Base on Balls
Batting: LHB Josh Stuck 0-0: Ball
1-0: Fielders Choice at 2nd, 5-4 (Groundball, 5L, EV 83.1 MPH)
Batting: LHB Michael Byrd 0-0: Ball
1-0: Foul Ball, location: 2F
1-1: Foul Ball, location: 2F
1-2: Foul Ball, location: 2F
1-2: Ball
2-2: Ball
3-2: Fielders Choice at 2nd, 4-6 (Groundball, 4M, EV 100.0 MPH)
Batting: RHB Ryan Kinkead 0-0: Ground out 4-3 (Groundball, 34, EV 85.6 MPH)
Top of the 1st over - 0 runs, 0 hits, 0 errors, 1 left on base; Buffalo 0 - Scranton WB 0
BOTTOM OF THE 1ST
Scranton WB RailRiders batting - Pitching for Buffalo Bisons : RHP Bobby Wright
Pitching: RHP Bobby Wright
Batting: RHB Russ Shambaugh 0-0: Foul Ball, location: 2F
0-1: Ball
1-1: Foul Ball, location: 2F
1-2: Foul Ball, location: 2F
1-2: Strikes out looking
Batting: RHB Ryan Alban 0-0: Foul Ball, location: 2F
0-1: Ground out 6-3 (Groundball, 6, EV 90.0 MPH)
Batting: RHB Sean Neuroth 0-0: Ball
1-0: Foul Ball, location: 2F
1-1: Ball
2-1: Fly out, F7 (Flyball, 78S, EV 88.1 MPH)
Bottom of the 1st over - 0 runs, 0 hits, 0 errors, 0 left on base; Buffalo 0 - Scranton WB 0
TOP OF THE 2ND
Buffalo Bisons batting - Pitching for Scranton WB RailRiders : RHP Ricardo Villar
Batting: LHB Yoshinari Nara 0-0: Ball
1-0: Hit by Pitch
Batting: RHB Mike Strey 0-0: Called Strike
0-1: Grounds into double play, 6-4-3 (Groundball, 56, EV 98.1 MPH)
Batting: RHB Jon Aguilar 0-0: Ball
1-0: Ground out 6-3 (Groundball, 6, EV 83.1 MPH)
Top of the 2nd over - 0 runs, 0 hits, 0 errors, 0 left on base; Buffalo 0 - Scranton WB 0
BOTTOM OF THE 2ND
Scranton WB RailRiders batting - Pitching for Buffalo Bisons : RHP Bobby Wright
Batting: LHB Kazuyoshi Nakamura 0-0: Ball
1-0: Called Strike
1-1: SINGLE (Groundball, 6D, EV 101.3 MPH)
Batting: RHB Scott King 0-0: Foul Ball, location: 2F
0-1: Grounds into double play, 4-6-3 (Groundball, 4, EV 94.4 MPH)
Batting: LHB Nate Ciccarelli 0-0: Ball
1-0: Called Strike
1-1: Foul Ball, location: 2F
1-2: Ground out 5-3 (Groundball, 56S, EV 86.3 MPH)
Bottom of the 2nd over - 0 runs, 1 hit, 0 errors, 0 left on base; Buffalo 0 - Scranton WB 0
TOP OF THE 3RD
Buffalo Bisons batting - Pitching for Scranton WB RailRiders : RHP Ricardo Villar
Batting: RHB Tony Rosas 0-0: Called Strike
0-1: Fly out, F8 (Flyball, 8RXD, EV 104.4 MPH)
Batting: RHB John Loving 0-0: Called Strike
0-1: Foul Ball, location: 2F
0-2: Ball
1-2: Strikes out swinging
Batting: RHB Danny Burnside 0-0: Reached on error, E6 (Groundball, 56, EV 96.9 MPH)
Batting: LHB Josh Stuck 0-0: Ball
Danny Burnside steals 2nd base
1-0: Fly out, F6 (Flyball, 56D, EV 90.6 MPH)
Top of the 3rd over - 0 runs, 0 hits, 1 error, 1 left on base; Buffalo 0 - Scranton WB 0
BOTTOM OF THE 3RD
Scranton WB RailRiders batting - Pitching for Buffalo Bisons : RHP Bobby Wright
Batting: RHB Jeremy Boerman 0-0: Ball
1-0: Ball
2-0: Called Strike
2-1: Ball
3-1: Called Strike
3-2: Base on Balls
Batting: LHB Frank Mullen 0-0: Ball
1-0: Ball
2-0: Called Strike
2-1: Foul Ball, location: 2F
2-2: Foul Ball, location: 2F
2-2: Fielders Choice at 2nd, 3-6 (Groundball, 34, EV 87.5 MPH)
Batting: LHB Justin Covington 0-0: Called Strike
0-1: Foul Ball, location: 2F
0-2: Ball
1-2: Foul Ball, location: 2F
1-2: Foul Ball, location: 2F
1-2: Ball
2-2: Foul Ball, location: 2F
2-2: Ball
3-2: Base on Balls
Frank Mullen to second
Batting: RHB Russ Shambaugh 0-0: Ball
1-0: Called Strike
1-1: Fly out, F3 (Popup, 23F, EV 95.6 MPH)
Batting: RHB Ryan Alban 0-0: Ball
1-0: Fly out, F7 (Line Drive, 7D, EV 88.1 MPH)
Bottom of the 3rd over - 0 runs, 0 hits, 0 errors, 2 left on base; Buffalo 0 - Scranton WB 0
TOP OF THE 4TH
Buffalo Bisons batting - Pitching for Scranton WB RailRiders : RHP Ricardo Villar
Batting: LHB Michael Byrd 0-0: Foul Ball, location: 2F
0-1: Ground out 4-3 (Groundball, 4, EV 92.5 MPH)
Batting: RHB Ryan Kinkead 0-0: Foul Ball, location: 2F
0-1: Ball
1-1: Ground out 4-3 (Groundball, 4, EV 100.0 MPH)
Batting: LHB Yoshinari Nara 0-0: Ball
1-0: Foul Ball, location: 2F
1-1: Swinging Strike
1-2: Strikes out swinging
Top of the 4th over - 0 runs, 0 hits, 0 errors, 0 left on base; Buffalo 0 - Scranton WB 0
BOTTOM OF THE 4TH
Scranton WB RailRiders batting - Pitching for Buffalo Bisons : RHP Bobby Wright
Batting: RHB Sean Neuroth 0-0: Ball
1-0: Called Strike
1-1: Called Strike
1-2: SINGLE (Groundball, 4MD, EV 101.3 MPH)
Batting: LHB Kazuyoshi Nakamura 0-0: Called Strike
0-1: Ball
1-1: Ball
2-1: Foul Ball, location: 2F
2-2: Strikes out swinging
Batting: RHB Scott King 0-0: Called Strike
0-1: Foul Ball, location: 2F
0-2: Ball
1-2: SINGLE (Line Drive, 89S, EV 103.1 MPH)
Sean Neuroth to second
Batting: LHB Nate Ciccarelli 0-0: Ball
1-0: Called Strike
1-1: Ball
2-1: Fly out, F5 (Popup, 25, EV 84.4 MPH)
Batting: RHB Jeremy Boerman 0-0: Called Strike
0-1: Foul Ball, location: 2F
0-2: Ball
1-2: Strikes out swinging
Bottom of the 4th over - 0 runs, 2 hits, 0 errors, 2 left on base; Buffalo 0 - Scranton WB 0
TOP OF THE 5TH
Buffalo Bisons batting - Pitching for Scranton WB RailRiders : RHP Ricardo Villar
Batting: RHB Mike Strey 0-0: Ground out 6-3 (Groundball, 6MS, EV 88.8 MPH)
Batting: RHB Jon Aguilar 0-0: Ball
1-0: Ball
2-0: Ball
3-0: Base on Balls
Batting: RHB Tony Rosas 0-0: Ball
1-0: Foul Ball, location: 2F
1-1: Fly out, F6 (Line Drive, 6, EV 69.4 MPH)
Batting: RHB John Loving 0-0: Ball
1-0: Ball
2-0: Ball
Jon Aguilar steals 2nd base
3-0: Called Strike
3-1: Ground out 2-3 (Groundball, 2R, EV 70.6 MPH)
Top of the 5th over - 0 runs, 0 hits, 0 errors, 1 left on base; Buffalo 0 - Scranton WB 0
BOTTOM OF THE 5TH
Scranton WB RailRiders batting - Pitching for Buffalo Bisons : RHP Bobby Wright
Batting: LHB Frank Mullen 0-0: Ball
1-0: Ball
2-0: Foul Ball, location: 2F
2-1: Foul Ball, location: 2F
2-2: Ball
3-2: Ground out 5-3 (Groundball, 5S, EV 67.5 MPH)
Batting: LHB Justin Covington 0-0: Ball
1-0: Called Strike
1-1: Ball
2-1: Ball
3-1: Swinging Strike
3-2: Foul Ball, location: 2F
3-2: Base on Balls
Batting: RHB Russ Shambaugh 0-0: Ball
1-0: Foul Ball, location: 2F
1-1: Fielders Choice at 2nd, 6-4 (Groundball, 6M, EV 93.1 MPH)
Batting: RHB Ryan Alban 0-0: SINGLE (Line Drive, 89S, EV 110.0 MPH)
Russ Shambaugh to second
Batting: RHB Sean Neuroth 0-0: Ball
1-0: Ball
2-0: Called Strike
2-1: Fly out, F8 (Flyball, 8RD, EV 91.9 MPH)
Bottom of the 5th over - 0 runs, 1 hit, 0 errors, 2 left on base; Buffalo 0 - Scranton WB 0
TOP OF THE 6TH
Buffalo Bisons batting - Pitching for Scranton WB RailRiders : RHP Ricardo Villar
Batting: RHB Danny Burnside 0-0: Ball
1-0: Called Strike
1-1: Called Strike
1-2: Ball
2-2: Ball
3-2: Strikes out swinging
Batting: LHB Josh Stuck 0-0: Called Strike
0-1: Swinging Strike
0-2: Foul Ball, location: 2F
0-2: SINGLE (Line Drive, 56D, EV 98.8 MPH)
Batting: LHB Michael Byrd 0-0: Called Strike
0-1: Ball
1-1: Ball
2-1: Ball
3-1: Base on Balls
Josh Stuck to second
Batting: RHB Ryan Kinkead 0-0: Called Strike
0-1: Ball
1-1: Called Strike
1-2: SINGLE (Groundball, 34D, EV 106.3 MPH)
Josh Stuck to third
Michael Byrd to second
Runner from 3rd tries for Home, SAFE, throw by RF to home
Batting: LHB Yoshinari Nara 0-0: Ball
1-0: Called Strike
Michael Byrd steals 3rd base
Ryan Kinkead to second
1-1: Fly out, F5 (Popup, 5S, EV 84.4 MPH)
Batting: RHB Mike Strey 0-0: Ball
1-0: Ball
2-0: Fly out, F9 (Flyball, 9S, EV 86.3 MPH)
Top of the 6th over - 1 run, 2 hits, 0 errors, 2 left on base; Buffalo 1 - Scranton WB 0
BOTTOM OF THE 6TH
Scranton WB RailRiders batting - Pitching for Buffalo Bisons : RHP Bobby Wright
Batting: LHB Kazuyoshi Nakamura 0-0: Called Strike
0-1: Ground out 6-3 (Groundball, 6S, EV 65.0 MPH)
Batting: RHB Scott King 0-0: Swinging Strike
0-1: Foul Ball, location: 2F
0-2: Ball
1-2: Ground out 5-3 (Groundball, 56S, EV 78.1 MPH)
Batting: LHB Nate Ciccarelli 0-0: Called Strike
0-1: Ground out U3 (Groundball, 3, EV 85.0 MPH)
Bottom of the 6th over - 0 runs, 0 hits, 0 errors, 0 left on base; Buffalo 1 - Scranton WB 0
TOP OF THE 7TH
Buffalo Bisons batting - Pitching for Scranton WB RailRiders : RHP Ricardo Villar
Batting: RHB Jon Aguilar 0-0: Foul Ball, location: 2F
0-1: Ball
1-1: Ball
2-1: Called Strike
2-2: Foul Ball, location: 2F
2-2: Fly out, F8 (Flyball, 89M, EV 73.1 MPH)
Batting: RHB Tony Rosas 0-0: Swinging Strike
0-1: Ball
1-1: Ball
2-1: Foul Ball, location: 2F
2-2: SINGLE (Groundball, 56D, EV 107.5 MPH)
Batting: RHB John Loving 0-0: Called Strike
0-1: Ball
1-1: Ball
2-1: Swinging Strike
2-2: Ball
Tony Rosas is caught stealing 2nd base 2-4
3-2: DOUBLE (Line Drive, 7LM, EV 106.9 MPH)
Batting: RHB Danny Burnside 0-0: Called Strike
0-1: Ball
1-1: Foul Ball, location: 2F
1-2: Strikes out swinging
Top of the 7th over - 0 runs, 2 hits, 0 errors, 1 left on base; Buffalo 1 - Scranton WB 0
BOTTOM OF THE 7TH
Scranton WB RailRiders batting - Pitching for Buffalo Bisons : RHP Bobby Wright
Batting: RHB Jeremy Boerman 0-0: SINGLE (Line Drive, 4MD, EV 98.1 MPH)
Batting: LHB Frank Mullen 0-0: Foul Ball, location: 2F
0-1: Ground out U3 (Groundball, 34S, EV 86.9 MPH)
Jeremy Boerman to second
Batting: LHB Justin Covington 0-0: Foul Ball, location: 2F
0-1: Ball
1-1: Swinging Strike
1-2: Ball
2-2: Foul Ball, location: 2F
2-2: SINGLE (Line Drive, 34D, EV 95.6 MPH)
Jeremy Boerman to third
Pitching: RHP Gabe Nalley
Batting: RHB Russ Shambaugh 0-0: Ball
Squeeze bunt is on, Jeremy Boerman is out
1-1: Ball
2-1: Fly out, F3 (Popup, 23F, EV 50.6 MPH)
Bottom of the 7th over - 0 runs, 2 hits, 0 errors, 1 left on base; Buffalo 1 - Scranton WB 0
TOP OF THE 8TH
Buffalo Bisons batting - Pitching for Scranton WB RailRiders : RHP Ricardo Villar
Batting: LHB Josh Stuck 0-0: Called Strike
0-1: Called Strike
0-2: Ball
1-2: Ball
2-2: Ground out 6-3 (Groundball, 6MS, EV 86.9 MPH)
Batting: LHB Michael Byrd 0-0: Called Strike
0-1: Called Strike
0-2: Foul Ball, location: 2F
0-2: Ball
1-2: Ball
2-2: Fly out, F4 (Line Drive, 4, EV 68.1 MPH)
Batting: RHB Ryan Kinkead 0-0: Ball
1-0: Called Strike
1-1: Ground out 4-3 (Groundball, 4S, EV 83.1 MPH)
Top of the 8th over - 0 runs, 0 hits, 0 errors, 0 left on base; Buffalo 1 - Scranton WB 0
BOTTOM OF THE 8TH
Scranton WB RailRiders batting - Pitching for Buffalo Bisons : RHP Gabe Nalley
Batting: RHB Ryan Alban 0-0: Called Strike
0-1: Ball
1-1: Swinging Strike
1-2: Strikes out swinging
Batting: RHB Sean Neuroth 0-0: Swinging Strike
0-1: Ball
1-1: Ball
2-1: Ball
3-1: SINGLE (Groundball, 6D, EV 96.3 MPH)
Batting: LHB Kazuyoshi Nakamura 0-0: Foul Ball, location: 2F
0-1: Ball
1-1: Ball
Pickoff Throw to First - Error! E1
Sean Neuroth to second
2-1: Foul Ball, location: 2F
2-2: SINGLE (Groundball, 25, EV 67.5 MPH) (infield hit)
Sean Neuroth to third
Batting: RHB Scott King 0-0: Called Strike
0-1: Ball
1-1: Ground out 5-3 (Groundball, 5S, EV 74.4 MPH)
Kazuyoshi Nakamura to second
Batting: LHB Nate Ciccarelli 0-0: Swinging Strike
0-1: Ball
1-1: Fly out, F7 (Flyball, 78S, EV 90.6 MPH)
Bottom of the 8th over - 0 runs, 2 hits, 1 error, 2 left on base; Buffalo 1 - Scranton WB 0
TOP OF THE 9TH
Buffalo Bisons batting - Pitching for Scranton WB RailRiders : RHP Ricardo Villar
Pitching: RHP Bao-qing Bu
Batting: LHB Yoshinari Nara 0-0: Ball
1-0: Called Strike
1-1: Ball
2-1: Foul Ball, location: 2F
2-2: Ball
3-2: Strikes out swinging
Batting: RHB Mike Strey 0-0: Swinging Strike
0-1: Ball
1-1: Ball
2-1: Called Strike
2-2: Ball
3-2: Foul Ball, location: 2F
3-2: Ground out 6-3 (Groundball, 6, EV 100.0 MPH)
Batting: RHB Jon Aguilar 0-0: Called Strike
0-1: Ball
1-1: Swinging Strike
1-2: Ground out 6-3 (Groundball, 6M, EV 98.1 MPH)
Top of the 9th over - 0 runs, 0 hits, 0 errors, 0 left on base; Buffalo 1 - Scranton WB 0
BOTTOM OF THE 9TH
Scranton WB RailRiders batting - Pitching for Buffalo Bisons : RHP Gabe Nalley
Pitching: RHP Junpei Yamazaki
Batting: RHB Jeremy Boerman 0-0: Fly out, F8 (Line Drive, 8LD, EV 95.6 MPH)
Batting: LHB Frank Mullen 0-0: Called Strike
0-1: Foul Ball, location: 2F
0-2: Ball
1-2: Strikes out swinging
Batting: LHB Justin Covington 0-0: Ball
1-0: Called Strike
1-1: Ball
2-1: Called Strike
2-2: Ground out 3-1 (Groundball, 34S, EV 73.8 MPH)
Bottom of the 9th over - 0 runs, 0 hits, 0 errors, 0 left on base; Buffalo 1 - Scranton WB 0
Thursday, March 31st , 2022 - OOTP Baseball 22.12 Build 89